 Dungeon Crawl Stone Soup version 0.27-a0-1137-g3ef0f4ec91 (webtiles) character file.

Game seed: 6985277580595088090

66 DarkShadow the Covered (level 3, -7/33 HPs)
             Began as a Minotaur Fighter on May 6, 2021.
             Killed by nerve-wracking pain
             ... invoked by Grinder
              (11 damage)
             ... while paralysed by Grinder
             ... on level 3 of the Dungeon.
             The game lasted 00:04:23 (2133 turns).

DarkShadow the Covered (Minotaur Fighter)           Turns: 2133, Time: 00:04:24

Health: -7/33      AC: 10    Str: 21    XL:     3   Next: 96%
Magic:  2/2        EV:  2    Int:  5    God:
Gold:   77         SH:  0    Dex:  9    Spells: 2/2 levels left

rFire    . . .     SeeInvis .   a - +0 long sword
rCold    . . .     Faith    .   c - +0 kite shield
rNeg     . . .     Spirit   .   k - +0 chain mail
rPois    .         Reflect  .   (helmet restricted)
rElec    .         Harm     .   g - +0 cloak
rCorr    .         Rampage  .   (no gloves)
Will     .....                  (no boots)
Stlth    ..........             (no amulet)
HPRegen  0.11/turn              (no ring)
MPRegen  0.08/turn              (no ring)

@: paralysed
A: horns 2, retaliatory headbutt
a: no special abilities


You were on level 3 of the Dungeon.
You visited 1 branch of the dungeon, and saw 3 of its levels.

You collected 77 gold pieces.

Inventory:

Hand Weapons
 a - a +0 long sword (weapon)
Armour
 b - a +0 scale mail
 c - a +0 kite shield (worn)
 g - a +0 cloak (worn)
 k - a +0 chain mail (worn)
Jewellery
 l - a ring of protection from cold
Scrolls
 f - a scroll of blinking {unknown}
 h - 4 scrolls of identify {unknown}
 j - a scroll of fog {unknown}
 n - a scroll of brand weapon {unknown}
 o - a scroll of vulnerability {unknown}
Potions
 d - a potion of might
 e - a potion of lignification {unknown}
 i - a potion of ambrosia {unknown}
 m - a potion of curing {unknown}
 p - a potion of magic {unknown}


   Skills:
 + Level 4.2 Fighting
 + Level 3.4 Long Blades
 + Level 4.5 Armour
 + Level 4.0 Shields


You had 2 spell levels left.
You didn't know any spells.
Your spell library was empty.

Dungeon Overview and Level Annotations

Branches:
Dungeon (3/15)

Altars:
Sif Muna

Shops:
D:1 ::*[

Annotations:
D:3 Grinder


Innate Abilities, Weirdness & Mutations

You have a pair of horns on your head.
You reflexively headbutt those who attack you in melee.


Message History

Found an escape hatch in the floor.
You hit Grinder but do no damage.
Grinder blinks!
You block Grinder's attack. Why would you want to do that?
Grinder blinks!
Grinder blinks!
Grinder gestures at you. Pain shoots through your body!
You barely miss Grinder. Your headbutt misses Grinder.
Grinder hits you but does no damage.
You barely miss Grinder.
Grinder says, "Don't move a muscle."
Grinder hits you. Grinder gestures at you. Pain shoots through your body!
You slash Grinder! Your headbutt misses Grinder.
Grinder is moderately wounded.
Grinder hits you.
You writhe in agony.
You hit Grinder.
Grinder is moderately wounded.
Grinder barely misses you. Grinder hits you but does no damage.
Your shield prevents you from hitting Grinder.
Your headbutt misses Grinder.
Grinder is moderately wounded.
Grinder hits you but does no damage.
You slash Grinder!
Grinder is heavily wounded.
Grinder gestures at you.
You suddenly lose the ability to move!
Grinder gestures at you.
You barely resist. Grinder hits you.
You writhe in agony.
* * * LOW HITPOINT WARNING * * *
Grinder hits you.
* * * LOW HITPOINT WARNING * * *
You writhe in agony.
* * * LOW HITPOINT WARNING * * *
Grinder gestures at you. Pain shoots through your body!
You die...

. . ###. #.#
....#######.###
#............#####
#......≈≈≈≈≈.....#
#......≈☼≈≈≈.###.###
+..(..5§._≈≈.......
#.....@≈≈☼§≈.###.#
+>...[.≈≈§≈≈.....#
######...)...##..# #
#.....#.####..#+#.+
#.....#...#.####......#.
..#####.###.......<....#
...# #............#
##### #............#
#............#


You could see Grinder.

Vanquished Creatures
  3 adders (D:2)
  2 dart slugs
  3 endoplasms
  A giant cockroach (D:2)
  6 goblins
  A hobgoblin (D:1)
  4 jackals (D:2)
  4 kobolds
  2 ball pythons (D:1)
  2 bats
  3 frilled lizards
  4 rats
35 creatures vanquished.

Notes
Turn   | Place    | Note
-------+----------+-------------------------------------------
     0 | D:1      | DarkShadow the Minotaur Fighter began the quest for the
                  | Orb.
     0 | D:1      | Reached XP level 1. HP: 19/19 MP: 0/0
    35 | D:1      | Found a faded altar of an unknown god.
   342 | D:1      | Found Evowik's Book Shop.
   358 | D:1      | Reached XP level 2. HP: 27/27 MP: 1/1
   564 | D:1      | Found Limet's Armour Emporium.
   587 | D:1      | Found Esenefru's General Store.
   752 | D:1      | Found Efirieli's Book Emporium.
  1097 | D:2      | Reached XP level 3. HP: 30/33 MP: 2/2
  2096 | D:3      | Found a shimmering blue altar of Sif Muna.
  2102 | D:3      | Noticed Grinder
  2106 | D:3      | Paralysed by Grinder for 6 turns
  2130 | D:3      | Paralysed by Grinder for 6 turns
  2133 | D:3      | Killed from afar by Grinder

Illustrated notes

Levels and vault maps discovered:
D:1:      lemuel_arrival_rhombus, layout_basic, serial_shops, shop_fountains,
          shop, nicolae_shop_behind_doors, shop, ebering_ecumenical_altar_rust
D:2:      layout_basic
D:3:      cheibrodos_helix_gallery, layout_basic, nicolae_sif_muna_condensation,
          serial_shops, shop, uniq_grinder

Skill      XL: |  1  2  3 |
---------------+----------+-----
Armour         | 4 |  4.5
Fighting       | 4 |  4.2
Long Blades    | 3 |  3.4
Shields        | 4 |  4.0

Action                   || total
-------------------------++-------
Melee: Long sword        ||    89
       Headbutt          ||    11
Armor: Scale mail        ||    31
       Chain mail        ||     8
Dodge: Dodged            ||    18
Block: Kite shield       ||    49
       Rpst.: Long sword ||     6

Table legend: (Time is in decaauts)
 A = Elapsed time spent in this place.
 B = Non-inter-level travel time spent in this place.
 C = Inter-level travel time spent in this place.
 D = Time resting spent in this place.
 E = Time spent auto-exploring this place.
 F = Levels seen in this place.
 G = Mean time per level.
                   A        B        C        D        E       F      G
               +--------+--------+--------+--------+--------+-----+--------+
         Total |   2175 |   2166 |      9 |      0 |   1764 |   3 |  725.0 |
       Dungeon |   2175 |   2166 |      9 |      0 |   1764 |   3 |  725.0 |
               +--------+--------+--------+--------+--------+-----+--------+

Top non-repeatable levels by time:
     D:1: 1103 daAuts
     D:2: 1021 daAuts
     D:3: 49 daAuts
